AoeStats
← bullseyes

African Clearing

506128296Analyzed
4v4 RM · 19d ago on Sep 12, 2026· 33m 59s· 8 players
Game mode
Random Map
Map size
Large (8 player)
Population
200
Speed
Normal
Resources
Standard
Victory
Conquest
Starting age
Dark Age
Ending age
Imperial Age
RankedLock teamsTeams togetherTeam positionsShared explorationLock speedFull tech treeHidden civsTurbo modeCheats
Victory
Defeat
🇩🇴 Goths · Dominican Republic
1913
+5
🇨🇳 Mongols · China
1828
+7
🇬🇧 Berbers · United Kingdom
1617
+15
🇧🇪 Wei · Belgium
1565
+16
🇨🇳 Huns · China
1666
-13
🇨🇳 Magyars · China
1657
-12
🇨🇳 Magyars · China
1626
-11
🇨🇳 Berbers · China
1489
-7
爱人跟人走
12:14 Feudal Age
13:20 Double-Bit Axe
15:47 Castle Age
13:56 Gold Mining
14:50 Fletching
16:55 Bow Saw
16:32 Loom
19:49 Bodkin Arrow
22:46 Ballistics
24:31 Horse Collar
25:19 Heavy Plow
27:49 Wheelbarrow
28:04 Stone Mining
32:20 Imperial Age
30:56 Padded Archer Armor
31:54 Husbandry
32:04 Bloodlines
32:29 Hand Cart
33:05 Bracer
33:51 Conscription
34:13 Gold Shaft Mining
URU ALBO
3:00 Loom
15:14 Feudal Age
15:21 Man-at-Arms
17:43 Forging
21:33 Castle Age
20:40 Scale Mail Armor
20:47 Horse Collar
21:36 Long Swordsman
22:17 Squires
22:13 Double-Bit Axe
24:04 Squires
25:36 Heavy Plow
31:29 Bow Saw
31:40 Stone Mining
32:08 Gold Mining
33:15 Wheelbarrow
32:25 Town Watch
33:04 Town Watch
JustAGecko
13:03 Feudal Age
11:39 Loom
11:43 Loom
13:40 Double-Bit Axe
16:40 Castle Age
16:07 Fletching
18:04 Bodkin Arrow
21:12 Bow Saw
24:25 Horse Collar
27:31 Bloodlines
29:08 Padded Archer Armor
29:41 Ballistics
32:48 Husbandry
bullseyes
12:51 Feudal Age
17:03 Castle Age
14:58 Double-Bit Axe
16:55 Loom
17:07 Fletching
18:53 Loom
19:21 Bow Saw
31:55 Wheelbarrow
32:05 Bloodlines
网恋被骗50块
5:07 Loom
12:34 Feudal Age
14:30 Feudal Age
15:39 Double-Bit Axe
15:59 Double-Bit Axe
16:46 Stone Mining
19:04 Castle Age
17:08 Horse Collar
17:19 Fletching
17:30 Padded Archer Armor
18:04 Gold Mining
19:51 Bloodlines
28:00 Town Watch
28:52 Wheelbarrow
28:46 Bow Saw
30:21 Ballistics
33:29 Kasbah
33:45 Treadmill Crane
LUCKY
3:19 Loom
12:48 Feudal Age
14:02 Double-Bit Axe
16:44 Castle Age
14:35 Horse Collar
17:09 Town Watch
23:21 Wheelbarrow
24:02 Fletching
29:48 Bodkin Arrow
31:13 Hand Cart
33:44 Gold Mining
33:44 Stone Mining
36:48 Imperial Age
只会打步弓
5:04 Loom
12:11 Feudal Age
13:03 Double-Bit Axe
18:23 Horse Collar
22:14 Wheelbarrow
26:10 Castle Age
26:00 Bloodlines
25:54 Gold Mining
26:07 Fletching
26:55 Bodkin Arrow
27:41 Padded Archer Armor
29:07 Husbandry
33:22 Leather Archer Armor
34:05 Ballistics
小胖子
12:10 Feudal Age
12:47 Double-Bit Axe
13:33 Horse Collar
17:55 Loom
22:25 Castle Age
21:41 Scale Barding Armor
21:51 Bloodlines
21:32 Fletching
22:29 Elite Skirmisher
Connection lost

Rejoining the realm…

Still unreachable

The connection could not be restored.

Session expired

The server has moved on; the page needs a fresh start.